 Dungeon Crawl Stone Soup version 0.17.0-56-gd8de76c (console) character file.

177 Kloppie the Chiller (level 5, -4/36 HPs)
             Began as a High Elf Ice Elementalist on Dec 5, 2015.
             Slain by a centaur skeleton (6 damage)
             ... on level 5 of the Dungeon.
             The game lasted 00:07:21 (3970 turns).

Kloppie the Chiller (High Elf Ice Elementalist)     Turns: 3970, Time: 00:07:21

Health: -4/36      AC:  3    Str:  7    XL:     5   Next: 30%
Magic:  6/9        EV: 16    Int: 20    God:
Gold:   125        SH:  0    Dex: 15    Spells: 2 memorised, 3 levels left

rFire  . . .     SeeInvis .     o - +0 short sword (freeze)
rCold  . . .     Clarity  .     a - +0 robe
rNeg   . . .     SustAt   .     (no shield)
rPois  .         Gourm    .     l - +0 helmet
rElec  .         Spirit   .     (no cloak)
rCorr  +         Warding  .     (no gloves)
rMut   .         Stasis   .     (no boots)
MR     .....                    m - amulet of resist corrosion
Stlth  ++........               (no ring)
                                q - +2 ring of evasion

@: very slightly contaminated, not resistant to hostile enchantments, unstealthy
A: no striking features
a: no special abilities


You were on level 5 of the Dungeon.
You were near starving.

You visited 1 branch of the dungeon, and saw 5 of its levels.

You collected 125 gold pieces.

Inventory:

Hand Weapons
 o - a +0 short sword of freezing (weapon)
Armour
 a - a +0 robe (worn)
 l - a +0 helmet (worn)
Jewellery
 m - an amulet of resist corrosion (around neck)
 q - a +2 ring of evasion (left hand)
Scrolls
 d - a scroll of magic mapping {unknown}
 e - 2 scrolls of teleportation {unknown}
 h - 2 scrolls of identify
 k - 2 scrolls of enchant weapon
 n - 2 scrolls of recharging
 s - a scroll of noise {unknown}
Potions
 r - a potion of mutation {unknown}
 t - a potion of might {unknown}
Books
 b - a book of Frost

   Spells                             Type                      Level
   a - Freeze                         Ice                          1
   b - Throw Frost                    Conjuration/Ice              2
   c - Ozocubu's Armour               Charms/Ice                   3
   d - Throw Icicle                   Conjuration/Ice              4
   e - Summon Ice Beast               Ice/Summoning                4
   f - Condensation Shield            Ice                          4
Comestibles
 c - 2 bread rations
 f - 2 meat rations
 g - a royal jelly
 j - a beef jerky
 p - a slice of pizza


   Skills:
 + Level 2.8 Fighting
 + Level 3.8 Dodging
 - Level 2.1 Stealth
 - Level 2.4 Spellcasting
 + Level 1.8 Conjurations
 - Level 4.0 Ice Magic


You had 3 spell levels left.
You knew the following spells:

 Your Spells              Type           Power        Failure   Level  Hunger
a - Freeze                Ice            ###.         2%          1    #......
b - Throw Icicle          Conj/Ice       ##......     45%         4    #####..


Dungeon Overview and Level Annotations

Branches:
Dungeon (5/15)
 Temple: D:4-7

Altars:
Trog

Annotations:
D:4 Edmund, Grinder


Message History

Press: ? - help, Shift-Dir - straight line, f/p - adder
Aim: an adder (severely wounded)
You freeze the adder.
You kill the adder!
The centaur skeleton closely misses you. x2
You hit the centaur skeleton.
You feel sick. The centaur skeleton hits you.
* * * LOW HITPOINT WARNING * * *
You hit the centaur skeleton.
The centaur skeleton hits you but does no damage.
The centaur skeleton hits you!
* * * LOW HITPOINT WARNING * * *
You hit the centaur skeleton. The centaur skeleton barely misses you.
You are near starving!
You feel sick. The centaur skeleton misses you.
You feel sick.
You are no longer poisoned.
The centaur skeleton hits you.
* * * LOW HITPOINT WARNING * * *
The centaur skeleton hits you.
You die...

#. . #.# #.#.
.####.# #...
..##.# #...
...#.# #.#.# #
#.#..# #(...#.
#.##.##
###.....###.##..#
.$...>.....Z@...#
##..)..###.###.#
#......##.##.##
#.........#.##
#...?.##...##
#.........##
.......†.##.#
####.###.##.# #.
#....)


You could see a centaur skeleton.

Vanquished Creatures
  A worker ant (D:3)
  An orc wizard (D:2)
  6 adders
  A worm (D:3)
  4 giant geckos
  4 orcs (D:3)
  2 giant cockroaches
  9 hobgoblins
  11 kobolds
  A quokka (D:2)
  2 ball pythons
  11 bats
  6 giant newts
  7 goblins
  7 rats
73 creatures vanquished.

Notes
Turn   | Place    | Note
--------------------------------------------------------------
     0 | D:1      | Kloppie the High Elf Ice Elementalist began the quest for the Orb.
     0 | D:1      | Reached XP level 1. HP: 11/11 MP: 4/4
   591 | D:1      | Reached skill level 1 in Fighting
   645 | D:1      | Reached XP level 2. HP: 18/18 MP: 3/6
  1523 | D:2      | Found a bloodstained altar of Trog.
  1587 | D:2      | Reached XP level 3. HP: 14/23 MP: 7/7
  2519 | D:3      | Found a faded altar to an unknown god.
  2541 | D:3      | Reached XP level 4. HP: 22/29 MP: 8/8
  2865 | D:2      | Learned a level 4 spell: Throw Icicle
  3226 | D:3      | Reached skill level 4 in Ice Magic
  3533 | D:4      | Noticed Grinder
  3546 | D:4      | Noticed a phantom
  3635 | D:4      | Noticed Edmund
  3680 | D:3      | Reached XP level 5. HP: 16/35 MP: 4/9
  3908 | D:5      | Entered Level 5 of the Dungeon
  3967 | D:5      | HP: 1/36 [centaur skeleton (4)]
  3970 | D:5      | Slain by a centaur skeleton

Action                   |  1- 3 |  4- 6 || total
-------------------------+-------+-------++-------
Melee: Short sword       |    48 |    52 ||   100
 Cast: Freeze            |    41 |    29 ||    70
  Use: Potion            |     2 |       ||     2
       Scroll            |       |     4 ||     4
 Stab: Sleeping          |     6 |     3 ||     9
  Eat: Chunk             |     5 |     3 ||     8
